 Dungeon Crawl Stone Soup version 0.19.5 (webtiles) character file.

6307 vatarom the Destroyer (level 10, -6/50 HPs)
             Began as a Deep Elf Fire Elementalist on Mar 13, 2017.
             Was a Priest of Vehumet.
             Killed from afar by an efreet (11 damage)
             ... with a fireball
             ... on level 10 of the Dungeon.
             The game lasted 00:36:40 (10724 turns).

vatarom the Destroyer (Deep Elf Fire Elementalist) Turns: 10724, Time: 00:36:41

Health: -6/50      AC:  9    Str:  8    XL:     10   Next: 63%
Magic:  22/22      EV: 19    Int: 25    God:    Vehumet [***...]
Gold:   592        SH:  0    Dex: 15    Spells: 7 memorised, 1 level left

rFire  . . .     SeeInvis .     F - +4 dagger of Destruction {distort, *Contam rPois MR+ Int+4}
rCold  + . .     Gourm    .     p - +2 robe {rC+}
rNeg   . . .     Faith    .     (no shield)
rPois  +         Spirit   .     (no helmet)
rElec  .         Reflect  .     (no cloak)
rCorr  .         Harm     .     l - +1 pair of gloves
MR     ++...                    e - +2 pair of boots
Stlth  ++........               o - amulet of regeneration
                                x - +4 ring of evasion (curse)
                                B - +1 ring of evasion

@: no status effects
A: no striking features
a: Renounce Religion


You were on level 10 of the Dungeon.
You worshipped Vehumet.
Vehumet was most pleased with you.
You were not hungry.

You visited 2 branches of the dungeon, and saw 11 of its levels.

You collected 592 gold pieces.

Inventory:

Hand Weapons
 i - a +2 short sword of protection
 j - a +2 vampiric scythe
 F - the +4 dagger of Destruction (weapon) {distort, *Contam rPois MR+ Int+4}
   (You found it on level 7 of the Dungeon)

   It warps and distorts space around it.
   Unwielding it can cause banishment or high damage.
   It affects your intelligence (+4).
   It protects you from poison.
   It affects your resistance to hostile enchantments.
   It causes magical contamination when unequipped.
Armour
 e - a +2 pair of boots (worn)
 l - a +1 pair of gloves (worn)
 p - a +2 robe of cold resistance (worn)
 H - a +0 pair of boots
Jewellery
 o - an amulet of regeneration (around neck)
 x - a cursed +4 ring of evasion (right hand)
 B - a +1 ring of evasion (left hand)
 D - a cursed -2 ring of protection
Wands
 m - a wand of teleportation (0/9)
 q - a wand of acid (9/15)
 u - a wand of enslavement (4/24)
 v - a wand of random effects (18/48)
 y - a wand of acid (5/15)
 I - a wand of flame (24/48)
Scrolls
 d - 6 scrolls of amnesia
 g - 2 scrolls of enchant armour
 h - a scroll of immolation
 k - 4 scrolls of identify
 n - 7 scrolls of remove curse
 C - a scroll of enchant weapon
 G - 3 scrolls of magic mapping
Potions
 s - 2 potions of agility
 t - 4 potions of haste
 z - a potion of brilliance
 A - a potion of curing
 E - a potion of might
Books
 a - a book of Frost

   Spells                             Type                      Level
   a - Freeze                         Ice                          1
   b - Throw Frost                    Conjuration/Ice              2
   c - Ozocubu's Armour               Charms/Ice                   3
   d - Throw Icicle                   Conjuration/Ice              4
   e - Summon Ice Beast               Ice/Summoning                4
 b - a book of Flames

   Spells                             Type                      Level
   a - Flame Tongue                   Conjuration/Fire             1
   b - Throw Flame                    Conjuration/Fire             2
   c - Conjure Flame                  Conjuration/Fire             3
   d - Inner Flame                    Hexes/Fire                   3
   e - Sticky Flame                   Conjuration/Fire             4
   f - Fireball                       Conjuration/Fire             5
 K - a book of Maledictions

   Spells                             Type                      Level
   a - Corona                         Hexes                        1
   b - Ensorcelled Hibernation        Hexes/Ice                    2
   c - Confuse                        Hexes                        3
   d - Tukima's Dance                 Hexes                        3
   e - Dazzling Spray                 Conjuration/Hexes            3
Comestibles
 c - a bread ration
 f - 2 beef jerkies
 r - 3 meat rations
 w - 4 fruits


   Skills:
 - Level 3.6 Dodging
 - Level 2.4 Stealth
 + Level 6.7 Spellcasting
 - Level 12.1 Conjurations
 + Level 11.6 Fire Magic


You had one spell level left.
You knew the following spells:

 Your Spells              Type           Power        Failure   Level  Hunger
a - Flame Tongue          Conj/Fire      #####        1%          1    None
b - Throw Flame           Conj/Fire      ######       1%          2    None
c - Conjure Flame         Conj/Fire      ######..     1%          3    None
d - Inner Flame           Hex/Fire       #####...     1%          3    None
e - Sticky Flame          Conj/Fire      ######..     1%          4    ###....
f - Fireball              Conj/Fire      ######....   1%          5    #####..
g - Ozocubu's Armour      Chrm/Ice       #.......     21%         3    None


Dungeon Overview and Level Annotations

Branches:
Dungeon (10/15)            Temple (1/1) D:5
   Lair: D:8-11         Orc: D:9-12

Altars:
Ashenzari
Cheibriados
Dithmenos
Elyvilon
Fedhas
Gozag
Hepliaklqana
Kikubaaqudgha
Makhleb
Nemelex Xobeh
Okawaru
Qazlal
Ru
Sif Muna
Trog
Uskayaw
Vehumet
Xom
Yredelemnul
Zin
The Shining One

Shops:
D:5 !   D:6 !

Annotations:
D:3 Paps's ghost, amateur OgCK
D:7 1 runed door
D:8 1 runed door


Message History

Okay, then.
You see here a robe.
There is a stormy altar of Qazlal here.
The efreet gestures at you. The bolt of fire hits you!
The efreet gestures at you. The bolt of fire misses you.
The efreet gestures at you.
The fireball explodes!
The fireball engulfs you!
You hear a shout!
You hear a bark!
The efreet gestures at you. The bolt of fire misses you.
The efreet gestures at you.
The fireball explodes!
The fireball engulfs you!
Ouch! That really hurt!
* * * LOW HITPOINT WARNING * * *
There is a stone staircase leading up here.
The efreet gestures at you.
The fireball explodes!
The fireball engulfs you!
You die...

##.###.......#.......#
§...§#.......#......<#
.....#.......#.......#
.._..........#.......#
.....#.......#.......# ...
§....#.......####'#<.# ....
##.###............####.....
#.###....§.............>..
#.........§R...@..........
#####.....................
#.......##############
####....# #....# #....#
#....# #....# #....#


You could see an efreet.

Vanquished Creatures
  Grinder (D:3)
  2 two-headed ogres (D:9)
  Sigmund (D:3)
  A wyvern (D:9)
  10 yaks (D:9)
  Menkaure (D:7)
  A water moccasin (D:5)
  2 ice beasts
  4 sky beasts
  2 orc warriors
  2 phantoms
  2 ogres
  2 centaurs
  6 bullfrogs
  3 scorpions
  6 killer bees (D:9)
  4 wights (D:8)
  5 electric eels (D:9)
  A jelly (D:9)
  3 howler monkeys (D:9)
  3 crimson imps
  3 bullfrog skeletons (D:9)
  3 hounds
  3 iguanas
  5 orc priests
  5 orc wizards
  A centaur skeleton (D:6)
  Jessica (D:3)
  Ijyb (D:3)
  Terence (D:3)
  6 worker ants
  11 adders
  3 shadow imps
  An ooze (D:3)
  An adder zombie (D:6)
  4 worms
  A dart slug (D:3)
  5 leopard geckos
  42 orcs
  3 giant cockroaches
  7 goblins
  11 hobgoblins
  10 jackals
  11 kobolds
  3 quokkas
  3 ball pythons
  3 bats
  6 frilled lizards
  A jackal skeleton (D:8)
  A leopard gecko skeleton (D:5)
  A leopard gecko zombie (D:7)
  7 rats
226 creatures vanquished.

Notes
Turn   | Place    | Note
-------+----------+-------------------------------------------
     0 | D:1      | vatarom the Deep Elf Fire Elementalist began the quest for the Orb.
     0 | D:1      | Reached XP level 1. HP: 10/10 MP: 6/6
   230 | D:1      | Reached XP level 2. HP: 15/15 MP: 4/8
  1180 | D:2      | Reached XP level 3. HP: 19/19 MP: 6/9
  1257 | D:2      | Reached skill level 5 in Fire Magic
  1527 | D:2      | Learned a level 2 spell: Throw Flame
  1531 | D:2      | Learned a level 3 spell: Conjure Flame
  1578 | D:2      | Reached XP level 4. HP: 14/24 MP: 0/10
  1995 | D:2      | Learned a level 3 spell: Inner Flame
  2032 | D:3      | Noticed Jessica
  2041 | D:3      | Noticed Grinder
  2126 | D:3      | Noticed Paps's ghost (amateur OgCK)
  2329 | D:3      | Noticed Terence
  2336 | D:3      | Killed Terence
  2445 | D:3      | Reached XP level 5. HP: 26/28 MP: 11/11
  2755 | D:3      | Killed Jessica
  2835 | D:3      | HP: 1/28 [Paps's ghost (7)]
  2976 | D:3      | Paralysed by Grinder for 2 turns
  2980 | D:3      | Paralysed by Grinder for 5 turns
  3785 | D:3      | Killed Grinder
  3785 | D:3      | Reached XP level 6. HP: 10/32 MP: 6/12
  3841 | D:3      | Noticed Sigmund
  3849 | D:3      | Killed Sigmund
  3849 | D:3      | Reached XP level 7. HP: 24/36 MP: 4/13
  3973 | D:3      | Noticed Ijyb
  3989 | D:3      | Killed Ijyb
  4450 | D:4      | Found a burning altar of Makhleb.
  5011 | D:5      | Entered Level 5 of the Dungeon
  5072 | D:5      | Found a staircase to the Ecumenical Temple.
  5102 | D:5      | Reached skill level 10 in Fire Magic
  5123 | Temple   | Entered the Ecumenical Temple
  5144 | Temple   | Became a worshipper of Vehumet
  5468 | D:5      | Learned a level 4 spell: Sticky Flame
  5557 | D:5      | Found Gomoekuesih's Distillery.
  5677 | D:5      | Reached skill level 5 in Spellcasting
  5677 | D:5      | Reached XP level 8. HP: 26/41 MP: 5/18
  5841 | D:5      | Learned a level 5 spell: Fireball
  6176 | D:6      | Reached skill level 2 in Conjurations
  6270 | D:6      | Reached skill level 3 in Conjurations
  6433 | D:6      | Reached skill level 4 in Conjurations
  6580 | D:6      | Reached * piety under Vehumet
  6580 | D:6      | Offered knowledge of Magic Dart by Vehumet.
  6587 | D:6      | Reached skill level 5 in Conjurations
  6824 | D:6      | Found Bytzo's Distillery.
  6884 | D:6      | Reached skill level 6 in Conjurations
  7298 | D:7      | Reached XP level 9. HP: 45/45 MP: 16/21
  7302 | D:7      | Reached skill level 7 in Conjurations
  7370 | D:7      | Found an iron altar of Okawaru.
  7378 | D:7      | Noticed Menkaure
  7380 | D:7      | Killed Menkaure
  7413 | D:7      | Got a pitted dagger
  7415 | D:7      | Identified the +4 dagger of Destruction {distort, *Contam rPois MR+ Int+4} (You found it on level 7 of the Dungeon)
  7487 | D:7      | Reached skill level 8 in Conjurations
  7646 | D:7      | Offered knowledge of Freeze by Vehumet.
  7678 | D:7      | Reached ** piety under Vehumet
  7719 | D:7      | Found a runed door.
  8114 | D:8      | Reached skill level 9 in Conjurations
  8146 | D:8      | Found a runed door.
  8744 | D:8      | Reached skill level 10 in Conjurations
  8934 | D:8      | Noticed a brown ugly thing
  9156 | D:9      | Reached skill level 11 in Conjurations
  9543 | D:9      | Reached XP level 10. HP: 50/50 MP: 8/22
  9575 | D:9      | Offered knowledge of Ignite Poison by Vehumet.
  9583 | D:9      | Reached skill level 12 in Conjurations
  9719 | D:9      | Reached *** piety under Vehumet
  9722 | D:9      | Got an ancient hand axe
  9723 | D:9      | Identified the +9 hand axe "Widowermaker" {chop, rF+ Dex+4} (You found it on level 9 of the Dungeon)
 10553 | D:9      | Learned a level 3 spell: Ozocubu's Armour
 10614 | D:10     | Entered Level 10 of the Dungeon
 10657 | D:10     | Found a stormy altar of Qazlal.
 10724 | D:10     | Killed from afar by an efreet

Skill      XL: |  1  2  3  4  5  6  7  8  9 10 |
---------------+-------------------------------+-----
Fire Magic     | 4 5 6 8 9 10 11 | 11.6
Spellcasting   | 5 6 |  6.7
Conjurations   | 6 11 12 | 12.1
Dodging        | 3 |  3.6
Stealth        | |  2.4

Action                   |  1- 3 |  4- 6 |  7- 9 | 10-12 || total
-------------------------+-------+-------+-------+-------++-------
Melee: Unarmed           |     2 |     4 |       |       ||     6
       Spear             |     3 |     2 |       |       ||     5
       Short sword       |       |    42 |       |       ||    42
       Scythe            |       |       |   116 |       ||   116
       Dagger            |       |       |    12 |     5 ||    17
 Cast: Flame Tongue      |    63 |   104 |   225 |    56 ||   448
       Throw Flame       |       |     3 |    43 |    13 ||    59
       Conjure Flame     |       |     1 |     3 |     2 ||     6
       Sticky Flame      |       |       |     9 |     7 ||    16
       Fireball          |       |       |     9 |     3 ||    12
       Inner Flame       |       |       |     3 |     1 ||     4
Evoke: Wand              |       |       |     2 |       ||     2
  Use: Scroll            |     4 |     3 |     6 |     2 ||    15
       Potion            |     3 |     3 |     3 |     2 ||    11
 Stab: Sleeping          |       |     1 |     1 |       ||     2
  Eat: Chunk             |     2 |     2 |     1 |       ||     5
       Bread ration      |       |     2 |     5 |     1 ||     8
Armor: Robe              |     9 |    47 |    86 |     3 ||   145
       Skin              |       |     1 |       |       ||     1
Dodge: Dodged            |    22 |    74 |   198 |    36 ||   330
